AoeStats
← Marak

Arabia

510173063Analyzed
4v4 RM · 3d ago on Sep 29, 2026· 50m 45s· 8 players
Game mode
Random Map
Map size
Large (8 player)
Population
200
Speed
Normal
Resources
Standard
Victory
Conquest
Starting age
Dark Age
Ending age
Imperial Age
RankedLock teamsTeams togetherTeam positionsShared explorationLock speedFull tech treeHidden civsTurbo modeCheats
Victory
Defeat
🇹🇷 Mongols · Türkiye
963
+17
🇳🇱 Magyars · Netherlands
958
+17
🇹🇷 Turks · Türkiye
948
+17
🇳🇱 Spanish · Netherlands
941
+17
🇺🇸 Vietnamese · United States
1001
-19
🇦🇺 Cumans · Australia
985
-17
🇳🇱 Teutons · Netherlands
980
-17
🇺🇸 Japanese · United States
936
-15
julian
5:16 Loom
10:28 Feudal Age
10:57 Double-Bit Axe
20:17 Castle Age
18:27 Horse Collar
21:02 Bloodlines
23:14 Husbandry
25:09 Gold Mining
25:37 Scale Barding Armor
27:53 Bow Saw
27:46 Heavy Plow
37:18 Imperial Age
36:09 Wheelbarrow
36:07 Town Watch
36:52 Chain Barding Armor
38:40 Hand Cart
40:35 Plate Barding Armor
39:33 Cavalier
41:29 Conscription
42:43 Corvinian Army
44:21 Crop Rotation
46:15 Elite Magyar Huszar
Ryu
8:54 Loom
11:15 Feudal Age
20:31 Castle Age
19:25 Double-Bit Axe
19:36 Horse Collar
20:29 Forging
20:27 Scale Barding Armor
20:36 Bloodlines
20:48 Gold Mining
21:24 Husbandry
22:11 Stone Mining
23:59 Town Watch
27:55 Iron Casting
28:31 Wheelbarrow
31:41 Imperial Age
31:36 Chain Barding Armor
34:30 Blast Furnace
34:47 Cavalier
40:52 Plate Barding Armor
44:32 Paladin
45:23 Fletching
45:33 Padded Archer Armor
Tonyukuk
13:01 Feudal Age
16:56 Castle Age
14:52 Double-Bit Axe
21:40 Imperial Age
22:34 Bow Saw
22:09 Horse Collar
22:54 Loom
25:59 Gold Mining
26:55 Padded Archer Armor
30:10 Leather Archer Armor
33:13 Town Watch
34:05 Wheelbarrow
34:07 Ring Archer Armor
35:51 Stone Mining
37:15 Heavy Plow
38:49 Scale Barding Armor
39:40 Hand Cart
41:12 Bloodlines
43:48 Husbandry
47:12 Caravan
50:19 Murder Holes
51:24 Forging
LazZiya
11:26 Feudal Age
15:36 Castle Age
14:25 Double-Bit Axe
14:54 Horse Collar
15:08 Stone Mining
16:59 Bow Saw
18:55 Loom
23:02 Wheelbarrow
23:00 Heavy Plow
27:13 Hand Cart
27:43 Stone Shaft Mining
27:01 Gold Mining
28:49 Fletching
29:01 Padded Archer Armor
29:30 Ballistics
32:32 Imperial Age
31:02 Gold Shaft Mining
33:08 Bodkin Arrow
33:28 Leather Archer Armor
33:31 Elite Mangudai
35:58 Capped Ram
37:38 Conscription
39:19 Siege Ram
40:43 Pikeman
41:23 Squires
41:11 Arson
45:48 Bracer
46:04 Leather Archer Armor
taisho84
13:12 Feudal Age
13:40 Double-Bit Axe
13:36 Horse Collar
20:31 Castle Age
18:49 Stone Mining
22:04 Loom
22:57 Bow Saw
22:48 Heavy Plow
27:09 Fletching
29:43 Ballistics
32:19 Imperial Age
29:46 Pikeman
30:43 Scale Mail Armor
31:40 Gold Mining
34:45 Chemistry
33:42 Bodkin Arrow
33:36 Halberdier
35:42 Forging
35:21 Arrowslits
37:00 Iron Casting
37:10 Masonry
37:17 Chain Mail Armor
38:14 Crenellations
40:29 Wheelbarrow
41:14 Plate Mail Armor
41:13 Squires
45:01 Hoardings
45:12 Padded Archer Armor
45:25 Fortified Wall
45:34 Elite Skirmisher
46:45 Arson
DharasZ
2:29 Loom
12:24 Feudal Age
13:48 Double-Bit Axe
16:28 Horse Collar
18:22 Stone Mining
19:07 Gold Mining
22:42 Castle Age
25:04 Bow Saw
25:38 Fletching
25:49 Padded Archer Armor
27:07 Bodkin Arrow
27:28 Leather Archer Armor
30:07 Forging
31:00 Elite Skirmisher
33:25 Ballistics
35:58 Masonry
38:17 Husbandry
38:30 Bloodlines
38:56 Iron Casting
38:39 Heavy Plow
39:27 Chatras
40:57 Stone Shaft Mining
44:33 Imperial Age
43:41 Scale Barding Armor
45:14 Wheelbarrow
46:37 Hand Cart
49:35 Town Watch
49:57 Bracer
50:27 Ring Archer Armor
Marak
10:08 Feudal Age
15:11 Loom
18:57 Double-Bit Axe
22:45 Castle Age
24:12 Forging
24:08 Scale Barding Armor
26:06 Bloodlines
29:56 Horse Collar
32:13 Chain Barding Armor
32:05 Heavy Plow
35:51 Gold Mining
37:31 Iron Casting
42:47 Stone Mining
46:09 Gold Shaft Mining
Akranon
3:13 Loom
12:34 Feudal Age
12:55 Feudal Age
13:57 Double-Bit Axe
13:55 Horse Collar
19:40 Wheelbarrow
18:58 Gold Mining
19:07 Stone Mining
23:05 Castle Age
24:12 Hand Cart
24:02 Squires
23:22 Pikeman
24:40 Gold Shaft Mining
24:11 Heavy Plow
24:39 Bow Saw
25:22 Scale Mail Armor
25:28 Town Watch
29:14 Chain Mail Armor
30:08 Forging
30:47 Fletching
34:34 Caravan
36:58 Iron Casting
37:18 Fervor
39:24 Coinage
42:46 Imperial Age
42:55 Halberdier
43:52 Yasama
44:12 Conscription
45:26 Guard Tower
45:58 Ballistics
45:19 Treadmill Crane
46:48 Plate Mail Armor
47:18 Blast Furnace
46:50 Kataparuto
48:37 Bodkin Arrow
49:12 Capped Ram
51:32 Chemistry
Connection lost

Rejoining the realm…

Still unreachable

The connection could not be restored.

Session expired

The server has moved on; the page needs a fresh start.